 Dungeon Crawl Stone Soup version 0.29.1-15-g9cfb28693d (webtiles) character file.

Game seed: 13783723126437041821

14 protoss039 the Digger (level 2, 14/19 HPs)
             Began as a Demonspawn Earth Elementalist on Mar 17, 2023.
             Got out of the dungeon alive.
             The game lasted 00:00:51 (459 turns).

protoss039 the Digger (DsEE)                         Turns: 459, Time: 00:00:51

Health: 14/19      AC:  3    Str:  8    XL:     2   Next: 31%
Magic:  5/5        EV: 11    Int: 16    God:
Gold:   33         SH:  0    Dex: 13    Spells: 4/5 levels left

rFire   . . .      SeeInvis .   f - +4 whip
rCold   . . .      Faith    .   (no shield)
rNeg    . . .      Spirit   .   g - +0 leather armour
rPois   .          Reflect  .   (no helmet)
rElec   .          Harm     .   (no cloak)
rCorr   .          Rampage  .   (no gloves)
Will    .....                   (no boots)
Stlth   ++........              (no amulet)
HPRegen 0.06/turn               (no ring)
MPRegen 0.09/turn               (no ring)

@: no status effects
A: spiny 1
a: no special abilities


You escaped.
You visited 1 branch of the dungeon, and saw 1 of its levels.

You collected 33 gold pieces.

Inventory:

Hand Weapons
 f - a +4 whip (weapon)
Armour
 g - a +0 leather armour (worn)
Scrolls
 c - a scroll of magic mapping {unknown}
Potions
 b - a potion of magic
 d - a potion of mutation {unknown}


   Skills:
 + Level 2.0 Dodging
 + Level 2.0 Stealth
 + Level 2.1 Spellcasting
 + Level 1.2 Transmutations
 + Level 2.8 Earth Magic


You had 4 spell levels left.
You knew the following spells:

 Your Spells              Type           Power      Damage    Failure   Level
a - Sandblast             Erth           20%        2d7       10%         1

Your spell library contained the following spells:

 Spells                   Type           Power      Damage    Failure   Level
 Passwall                 Tmut/Erth      6%         N/A       19%         2
 Wereblood                Tmut           5%         N/A       26%         2
 Sublimation of Blood     Necr           1%         N/A       41%         2
 Stone Arrow              Conj/Erth      12%        3d7       45%         3
 Ozocubu's Armour         Ice            1%         N/A       65%         3
 Petrify                  Tmut/Erth      8%         N/A       77%         4
 Ozocubu's Refrigeration  Ice            0%         4d7       100%        7
 Summon Hydra             Summ           0%         N/A       100%        7


Dungeon Overview and Level Annotations

Branches:
Dungeon (1/15) Zot: 5537

Altars:


Innate Abilities, Weirdness & Mutations

You are partially covered in sharp spines.


Message History

Confirm with . or Enter, or press ? or * to list all spells.
Aiming: Sandblast (safe; 10% risk of failure)
Press: ? - help, Shift-Dir - straight line, f - gnoll
Aim: a gnoll, wielding a +0 spear (84% to hit)
The blast of sand hits the gnoll but does no damage.
The gnoll barely misses you. The gnoll completely misses you.
Unknown command.
You hit the gnoll.
The gnoll is moderately wounded.
The gnoll hits you with a +0 spear.
Unknown command.
You hit the gnoll.
The gnoll is severely wounded.
The gnoll closely misses you.
Unknown command.
You hit the gnoll.
The gnoll is almost dead.
The gnoll misses you.
Unknown command.
You hit the gnoll but do no damage.
The gnoll is severely wounded.
The gnoll hits you with a +0 spear.
Unknown command.
You are too injured to fight recklessly!
Unknown command.
You hit the gnoll.
You kill the gnoll!
Your Dodging skill increases to level 2!
Your Stealth skill increases to level 2!
You have reached level 2!
Your demonic ancestry asserts itself...
Sharp spines emerge from parts of your body.
Unknown command.
There is an open door here.
There is an open door here.
You open the door.
There is an open door here.
There is a staircase leading out of the dungeon here.
Are you sure you want to leave the Dungeon?
This will make you lose the game!
You have escaped!

.# ###.............### ##
##.................##
##.........####......##
##........########.....##
#.......####..(.###.....#
##......###........##....##
#.......##...###...###....#
##......###..#'###...##....#
#.......##..###.@##..##....#
#......###..###.##..###....#
#......###...##.....##....##
........##....#######....##
........###....####......#
........# ##............##
........## ####......####
...>.....# ########
.........#


There were no monsters in sight!

Vanquished Creatures
  A gnoll (D:1)
  A goblin (D:1)
  A hobgoblin (D:1)
  A kobold (D:1)
  A rat (D:1)
5 creatures vanquished.

Notes
Turn   | Place    | Note
-------+----------+-------------------------------------------
     0 | D:1      | protoss039 the Demonspawn Earth Elementalist began the
                  | quest for the Orb.
     0 | D:1      | Reached XP level 1. HP: 13/13 MP: 3/3
   205 | D:1      | Reached skill level 1 in Transmutations
   384 | D:1      | Gained mutation: You are partially covered in sharp spines.
                  | [demonic ancestry]
   384 | D:1      | Reached XP level 2. HP: 9/19 MP: 3/5
   459 | D:$      | Got out of the dungeon alive.

Illustrated notes

Levels and vault maps discovered:
D:1:      dpeg_arrival_snail, layout_loops_corners,
          chequers_serial_rivers_small_a, minmay_misc_feat_tiny,
          reono_crystal_passage, corexii_hall_statues_i

Skill      XL: |  1 |
---------------+----+-----
Transmutations | 1 |  1.2
Dodging        | 2 |  2.0
Stealth        | 2 |  2.0
Spellcasting   | |  2.1
Earth Magic    | |  2.8

Action                   || total
-------------------------++-------
Melee: Whip              ||     5
       Club              ||     3
 Cast: Sandblast         ||     5
 Stab: Sleeping          ||     1
Armor: Robe              ||     1
Dodge: Dodged            ||     7
